 Dungeon Crawl Stone Soup version 0.27.1-4-g1640c2035a (webtiles) character file.

Game seed: 15856395492092007645

10274 Turgor the Grappler (level 11, -1/101 HPs)
             Began as a Ghoul Monk on Oct 31, 2021.
             Was a Priest of Makhleb.
             Slain by an orc warrior (10 damage)
             ... in a bailey on Nov 1, 2021.
             The game lasted 01:17:25 (11522 turns).

Turgor the Grappler (Ghoul Monk)                   Turns: 11522, Time: 01:17:26

Health: -1/101     AC:  8    Str: 19    XL:     11   Next: 59%
Magic:  0/14       EV: 16    Int:  5    God:    Makhleb [***...]
Gold:   608        SH:  0    Dex: 11    Spells: 10/10 levels left

rFire    + . .     SeeInvis .     - Unarmed
rCold    + . .     Faith    .   (no shield)
rNeg     + + +     Spirit   +   d - +3 leather armour {rPois}
rPois    ∞         Reflect  .   a - +1 helmet
rElec    .         Harm     .   (no cloak)
rCorr    .         Rampage  .   (no gloves)
Will     .....                  (no boots)
Stlth    ++........             v - amulet of guardian spirit
HPRegen  0.00/turn              f - ring of protection from fire
MPRegen  0.14/turn              p - +4 ring of evasion

@: inhibited regen
A: claws 1, cold resistance 1, negative energy resistance 3, inhibited
regeneration, torment resistance 2
a: Renounce Religion, Minor Destruction, Lesser Servant of Makhleb


You were in a bailey.
You worshipped Makhleb.
Makhleb was most pleased with you.
You visited 2 branches of the dungeon, and saw 12 of its levels.
You also visited: Sewer and Bailey.

You collected 608 gold pieces.

Inventory:

Hand Weapons
 h - a +0 hunting sling
 D - a +0 demon whip of draining
Missiles
 c - 2 curare-tipped darts (quivered)
 z - 34 poisoned darts
 F - 164 stones
Armour
 a - a +1 helmet (worn)
 d - a +3 leather armour of poison resistance (worn)
 G - +0 steam dragon scales
 K - a +0 buckler
Jewellery
 f - a ring of protection from fire (left claw)
 p - a +4 ring of evasion (right claw)
 v - an amulet of guardian spirit (around neck)
 C - a ring of flight
 H - a ring of willpower
Wands
 s - a wand of flame (15)
 y - a wand of iceblast (10)
 A - a wand of acid (11)
Scrolls
 g - 2 scrolls of summoning
 k - a scroll of vulnerability
 l - a scroll of acquirement
 m - 9 scrolls of teleportation
 n - 4 scrolls of enchant armour
 o - a scroll of fear
 q - 4 scrolls of immolation {unknown}
 r - a scroll of noise {unknown}
 t - a scroll of blinking {unknown}
 u - 2 scrolls of amnesia {unknown}
 x - 2 scrolls of magic mapping
 E - a scroll of torment {unknown}
 I - a scroll of brand weapon {unknown}
 M - a scroll of enchant weapon {unknown}
Potions
 b - a potion of cancellation
 e - a potion of might
 i - 4 potions of lignification
 j - a potion of ambrosia
 w - 5 potions of curing
 B - 2 potions of flight
 J - 2 potions of brilliance
 L - a potion of invisibility
 N - a potion of magic {unknown}


   Skills:
 + Level 10.4 Fighting
 + Level 3.0 Armour
 + Level 4.2 Dodging
 + Level 4.8 Stealth
 * Level 13.9 Unarmed Combat
 + Level 6.3 Invocations


You had 10 spell levels left.
You didn't know any spells.
Your spell library contained the following spells:

 Spells                   Type           Power      Damage    Failure   Level
 Dazzling Flash           Conj/Hex       0%         N/A       88%         3
 Petrify                  Tmut/Erth      0%         N/A       99%         4
 Agony                    Necr           0%         N/A       100%        5
 Irradiate                Conj/Tmut      0%         3d14      100%        5
 Silence                  Hex/Air        0%         N/A       100%        5
 Sublimation of Blood     Necr           Unusable   N/A       N/A         2

Dungeon Overview and Level Annotations

Branches:
Dungeon (11/15)            Temple (1/1) D:7            Lair (0/6) D:8
    Orc (0/2) D:9           Sewer (visited)          Bailey (1/1)

Altars:
Ashenzari
Dithmenos
Fedhas
Gozag
Hepliaklqana
Kikubaaqudgha
Makhleb
Nemelex Xobeh
Okawaru
Qazlal
Sif Muna
Trog
Vehumet
Wu Jian
Xom
Zin
The Shining One
Beogh

Shops:
D:1 *[[   D:4 (   D:9 (

Annotations:
D:7 2 transporters, exclusion: ice statue, 15bullets's ghost, novice DsWn
D:9 exclusions: hydra and 1 more exclusion


Innate Abilities, Weirdness & Mutations

You thrive by killing the living.
You are immune to poison.
You have sharp fingernails.
Your flesh is cold resistant. (rC+)
You are immune to negative energy. (rN+++)
You do not regenerate when monsters are visible.
You are immune to unholy pain and torment.


Message History

The orc warrior hits you from afar with a +0 spear!
You mangle the orc knight!!
You kill the orc knight!
Makhleb accepts your kill.
You feel better.
Your Armour skill increases to level 3!
You scratch the orc warrior.
The orc warrior is moderately wounded.
The orc warrior barely misses you.
The orc warrior hits you from afar with a +0 spear!
You scratch the orc warrior.
The orc warrior is moderately wounded.
The orc warrior barely misses you.
The orc warrior hits you from afar with a +0 spear!
You scratch the orc warrior but do no damage.
You claw the orc warrior!
The orc warrior is almost dead.
The orc warrior hits you with a +0 glaive!!
The orc warrior closely misses you.
You barely miss the orc warrior.
The orc warrior is almost dead.
You barely miss the orc warrior.
The orc warrior is almost dead.
The orc warrior hits you with a +0 glaive!!
* * * LOW HITPOINT WARNING * * *
The orc warrior hits you from afar with a +0 spear.
* * * LOW HITPOINT WARNING * * *
You feel better.
The orc warrior is no longer covered in acid.
The orc warrior barely misses you. The orc warrior misses you.
Aiming: Corrosive Bolt
Press: ? - help, Shift-Dir - straight line, f/p - orc warrior
Aim: an orc warrior, wielding a +0 spear and wearing a +0 ring mail (moderately wounded, strong, 64% to hit)
The bolt of acid misses the orc warrior.
The bolt of acid hits the orc warrior!
The orc warrior is splashed with acid.
The acid corrodes the orc warrior!
The orc warrior is severely wounded.
The orc warrior barely misses you. x2
The orc warrior hits you from afar with a +0 glaive!
You die...

...............##.......##.......
..............##..#'#'#..##......
..............#..##)#)##..#......
.............##.#########.##.....
..........)..##.')# :#)'.##.....
.............##.### 8o###.##.....
.............##.')# o.#.'.##.....
.............##.####'####)##.....
..............#.@##o!∩##..##.....
..............##..#'''##.........
...............##.oo..##.........
.......≈≈≈≈≈....##....##.....≈≈≈≈
......≈≈#.#.≈....#######....≈.#.#
......≈##.∩#≈...............≈#∩.#
......≈..^..≈...............≈).^.
......≈##.##≈...............≈##.#
......≈≈#.#≈≈...............≈≈#.#


You could see 2 orc warriors.

Vanquished Creatures
  A boulder beetle (D:11)
  A two-headed ogre (D:8)
  An orc knight (Bailey)
  A gargoyle (D:10)
  2 trolls
  A meliai zombie (D:10)
  Sigmund (D:4)
  11 yaks
  A steam dragon (D:9)
  2 vampire mosquitoes (D:11)
  Grum (D:11)
  A water moccasin (D:5)
  4 acid dragons
  9 orc warriors
  A sky beast (D:6)
  2 ice beasts (D:5)
  An ogre (D:6)
  7 centaurs
  4 wolves (D:11)
  2 phantoms
  A kobold brigand (Sewer)
  4 bullfrogs (D:8)
  A scorpion (D:5)
  2 water moccasin skeletons
  9 killer bees
  9 wights (D:10)
  An electric eel (D:7)
  3 howler monkeys (D:7)
  A bullfrog zombie (D:7)
  2 centaur zombies
  3 jellies
  9 orc priests
  2 hounds (D:4)
  6 iguanas
  10 orc wizards
  A scorpion zombie (D:5)
  A hound skeleton (D:5)
  Robin (D:3)
  6 adders
  A river rat (Sewer)
  An adder skeleton (D:5)
  An adder zombie (D:5)
  2 worms
  46 orcs
  4 ball pythons
  3 bats
  5 endoplasms
  8 giant cockroaches
  13 goblins
  13 hobgoblins
  10 jackals
  4 quokkas
  14 frilled lizards
  6 kobolds
  7 rats
264 creatures vanquished.

Vanquished Creatures (others)
  13 fungi
  8 plants
21 creatures vanquished.

Grand Total: 285 creatures vanquished

Notes
Turn   | Place    | Note
-------+----------+-------------------------------------------
     0 | D:1      | Turgor the Ghoul Monk began the quest for the Orb.
     0 | D:1      | Reached XP level 1. HP: 19/19 MP: 0/0
    85 | D:1      | Found Qicvu's Antique Armour Shoppe.
   481 | D:1      | Reached XP level 2. HP: 26/26 MP: 1/1
   495 | D:1      | Found Ruonup's Magic Scroll Shoppe.
   507 | D:1      | Found Mosuap's Assorted Antiques.
   618 | D:1      | Found Siuc's Antique Armour Emporium.
  1017 | D:2      | Reached skill level 4 in Unarmed Combat
  1082 | D:2      | Found a shimmering altar of Xom.
  1346 | D:2      | Reached XP level 3. HP: 33/33 MP: 2/2
  1444 | D:2      | Reached XP level 4. HP: 28/40 MP: 3/3
  1982 | D:3      | Noticed Robin
  1997 | D:3      | Reached skill level 5 in Unarmed Combat
  2057 | D:3      | Killed Robin
  2180 | D:3      | Reached XP level 5. HP: 41/47 MP: 4/4
  2237 | D:3      | Reached skill level 6 in Unarmed Combat
  2355 | D:3      | Found a sparkling altar of Nemelex Xobeh.
  2444 | D:3      | Found a faded altar of an unknown god.
  2892 | D:4      | Reached XP level 6. HP: 55/55 MP: 5/5
  2955 | D:4      | Found an ancient bone altar of Kikubaaqudgha.
  2956 | D:4      | Noticed Sigmund
  2966 | D:4      | Killed Sigmund
  2967 | D:4      | Reached skill level 5 in Fighting
  2967 | D:4      | Reached skill level 7 in Unarmed Combat
  3060 | D:4      | Reached XP level 7. HP: 61/61 MP: 6/6
  3185 | D:4      | Found a shimmering altar of Xom.
  3265 | D:4      | Found Igitummifu's Antique Weapon Shop.
  3616 | D:4      | Reached skill level 8 in Unarmed Combat
  3925 | D:5      | Entered Level 5 of the Dungeon
  4016 | D:5      | Reached XP level 8. HP: 71/71 MP: 7/7
  4319 | D:5      | Reached skill level 9 in Unarmed Combat
  4655 | D:5      | Reached skill level 10 in Unarmed Combat
  4902 | D:6      | Found a glowing drain.
  4928 | Sewer    | Entered a sewer
  5397 | D:6      | Reached XP level 9. HP: 80/80 MP: 8/8
  5400 | D:6      | Found a stormy altar of Qazlal.
  6227 | D:6      | Reached skill level 11 in Unarmed Combat
  6398 | D:7      | Found a staircase to the Ecumenical Temple.
  6416 | Temple   | Entered the Ecumenical Temple
  6540 | Temple   | Became a worshipper of Makhleb the Destroyer
  6540 | Temple   | Reached * piety under Makhleb
  6540 | Temple   | Reached ** piety under Makhleb
  6595 | D:7      | Reached skill level 1 in Invocations
  6825 | D:7      | Found a transporter.
  6833 | D:7      | Noticed an ice statue
  6842 | D:7      | Noticed 15bullets's ghost (novice DsWn)
  6846 | D:7      | Noticed a five-headed hydra
  6847 | D:7      | Noticed a boulder beetle
  6857 | D:7      | Noticed a komodo dragon
  6866 | D:7      | Found a transporter.
  7349 | D:8      | Reached skill level 12 in Unarmed Combat
  7355 | D:8      | Reached XP level 10. HP: 33/91 MP: 3/11
  7819 | D:8      | Found an iron altar of Okawaru.
  7865 | D:8      | Found a staircase to the Lair.
  7876 | D:8      | Noticed a two-headed ogre
  7896 | D:8      | Killed a two-headed ogre
  8471 | D:9      | Reached skill level 13 in Unarmed Combat
  8565 | D:9      | Found Byav's Weapon Boutique.
  8626 | D:9      | Identified the +1 robe of Nuiz {Will+}
  8710 | D:9      | Identified a scroll of acquirement
  8766 | D:9      | Reached skill level 5 in Invocations
  8791 | D:9      | Found a staircase to the Orcish Mines.
  8987 | D:9      | Reached skill level 1 in Armour
  9067 | D:9      | Found a bloodstained altar of Trog.
  9115 | D:9      | Noticed a deep elf pyromancer
  9115 | D:9      | Noticed an eight-headed hydra
  9208 | D:10     | Entered Level 10 of the Dungeon
  9243 | D:10     | Reached skill level 10 in Fighting
  9249 | D:10     | Reached *** piety under Makhleb
  9308 | D:10     | Found a shadowy altar of Dithmenos.
  9345 | D:10     | Reached XP level 11. HP: 99/99 MP: 12/14
 10246 | D:11     | Noticed a boulder beetle
 10266 | D:11     | Killed a boulder beetle
 10332 | D:11     | Noticed Grum
 10357 | D:11     | Killed Grum
 10570 | D:11     | Found a flagged portal.
 10585 | Bailey   | Entered a bailey
 11502 | Bailey   | Noticed an orc knight
 11514 | Bailey   | Killed an orc knight
 11519 | Bailey   | HP: 3/101 [orc warrior (5)]
 11522 | Bailey   | Slain by an orc warrior

Illustrated notes

Levels and vault maps discovered:
D:1:      evilmike_arrival_hilbert_curve, layout_basic, serial_shops,
          nicolae_shop_overgrown_old_shop, nicolae_shop_crystal,
          nicolae_shop_stone, shop, palyth_stone_intersect,
          roderic_roman_lattice, minmay_misc_feat_rows, minmay_misc_feat_plants,
          nrook_mini_backslash
D:2:      layout_basic, basic_altar
D:3:      layout_basic, mainiacjoe_overflow_cross_hatched,
          hellmonk_ecumenical_altar_pennies_from_heaven,
          kennysheep_generic_room_4, uniq_robin
D:4:      layout_rooms, mainiacjoe_overflow_catwalk,
          mainiacjoe_overflow_catch_the_wave, serial_shops, nicolae_shop_stone,
          serial_aquarium, aquarium_bridge_island_small
          [aquarium_subvault_small_open, aquarium_subvault_wall,
          aquarium_subvault_bridge, aquarium_subvault_window,
          aquarium_subvault_balcony], aquarium_bridge_straight
          [aquarium_subvault_bridge, aquarium_subvault_wall,
          aquarium_subvault_bridge, aquarium_subvault_wall], aquarium_window_1,
          aquarium_window_fake, aquarium_view_2d, aquarium_balcony_3b,
          aquarium_pool_five, minmay_lizard_king, uniq_sigmund
D:5:      layout_basic, nrook_loot_triangle
D:6:      layout_layer_cave, grunt_qazlal_clouds, portal_sewer_entry_b
D:7:      layout_layer_cave, minmay_temple_entry_gardened_gates,
          nzn_ghost_randoct, serial_bayou_lagoon_a
D:8:      layout_gridville, okawaru_gym_becter, grunt_lair_entry_orc_guard_hut,
          minmay_hedge_maze
D:9:      minmay_the_grid_triangle_9x9_rhombus_thin
          [minmay_the_grid_triangle_9x9_shrine,
          minmay_the_grid_triangle_9x9_prize_schism,
          minmay_the_grid_triangle_9x9_swiss_cheese,
          minmay_the_grid_triangle_9x9_longest], layout_gridville,
          mainiacjoe_overflow_tiny_flanked, minmay_orc_entry_temple_small,
          serial_shops, shop
D:10:     layout_roguey, lemuel_round_altar, grunt_dithmenos_smoke_and_mirrors
D:11:     layout_roguey, enter_bailey_2, uniq_grum
Temple:   nicolae_temple_figure_eight
Bailey:   bailey_polearm_2, bailey

Skill      XL: |  1  2  3  4  5  6  7  8  9 10 11 |
---------------+----------------------------------+-----
Unarmed Combat | 4 5 6 7 8 10 12 13 | 13.9
Fighting       | 4 5 6 7 9 10 | 10.4
Invocations    | 3 5 6 |  6.3
Dodging        | 3 4 |  4.2
Armour         | 1 3 |  3.0
Stealth        | 3 4 |  4.8

Action                   |  1- 3 |  4- 6 |  7- 9 | 10-12 || total
-------------------------+-------+-------+-------+-------++-------
Melee: Unarmed           |    74 |   151 |   372 |   285 ||   882
       Punch             |       |     1 |    11 |    15 ||    27
 Fire: Hunting sling     |       |       |       |    72 ||    72
Throw: Stone             |     1 |    11 |    35 |     3 ||    50
       Dart              |       |       |       |    24 ||    24
Evoke: Wand              |       |       |     2 |     6 ||     8
  Use: Scroll            |     1 |     3 |     4 |     7 ||    15
       Potion            |       |       |       |     1 ||     1
 Stab: Sleeping          |     4 |     7 |     3 |     1 ||    15
Armor: Leather armour    |    14 |    64 |    70 |    54 ||   202
Dodge: Dodged            |    40 |   112 |   237 |   257 ||   646
